 Dungeon Crawl Stone Soup version 0.30-b1-2-g02819fbbbe (webtiles) character file.

Game seed: 14513151462588624971

21119 Level1Goblin the Severer (level 12, -9/112 HPs)
             Began as a Hill Orc Fighter on Dec 21, 2023.
             Mangled by Agnes
             ... wielding a +2 vampiric lajatang
              (21 damage)
             ... on level 14 of the Dungeon.
             The game lasted 00:55:41 (15305 turns).

Level1Goblin the Severer (Hill Orc Fighter)        Turns: 15305, Time: 00:55:42

Health: -9/112     AC: 20    Str: 29    XL:     12   Next: 86%
Magic:  12/12      EV:  9    Int:  7    God:
Gold:   325        SH:  6    Dex: 14    Spells: 11/11 levels left

rFire   + . .        h - +7 war axe (freeze)
rCold   + + .        c - +0 buckler
rNeg    . . .        g - +2 plate armour
rPois   .            (helmet restricted)
rElec   .            i - scarf {rC+ rF+}
rCorr   .            M - +0 pair of gloves
SInv    .            l - +0 pair of boots
Will    .....        D - amulet of regeneration Stlth
                     f - ring of protection from cold
HPRegen 1.18/turn    F - +6 ring of strength
MPRegen 0.13/turn

%: no passive effects
@: no status effects
A: claws 1, horns 1, agile 1
a: no special abilities


You were on level 14 of the Dungeon.
You visited 1 branch of the dungeon, and saw 14 of its levels.

You collected 1003 gold pieces.
You spent 678 gold pieces at shops.

Inventory:

Hand Weapons
 h - a +7 war axe of freezing (weapon)
 m - a +2 quarterstaff of chaos
Missiles
 d - 2 throwing nets (quivered)
Armour
 c - a +0 buckler (worn)
 g - a +2 plate armour (worn)
 i - a scarf of resistance (worn)
 l - a +0 pair of boots (worn)
 M - a +0 pair of gloves (worn)
Jewellery
 f - a ring of protection from cold (left hand)
 p - an amulet of magic regeneration
 D - an amulet of regeneration (around neck)
 F - a +6 ring of strength (right hand)
 I - a ring of flight
Wands
 k - a wand of roots (16)
 o - a wand of light (7)
 u - a wand of polymorph (2)
 C - a wand of charming (3)
 L - a wand of flame (1)
Scrolls
 j - 2 scrolls of blinking
 n - a scroll of silence
 q - 3 scrolls of teleportation
 v - a scroll of vulnerability {unknown}
 w - 3 scrolls of fog
 y - 3 scrolls of immolation
 A - 2 scrolls of fear
 G - a scroll of enchant armour
Potions
 a - 2 potions of lignification {unknown}
 b - 6 potions of curing
 r - a potion of flight
 s - a potion of degeneration {unknown}
 t - 2 potions of resistance
 x - a potion of brilliance
 z - 3 potions of cancellation
 B - 3 potions of attraction
 E - a potion of invisibility
 K - a potion of haste
Miscellaneous
 H - a phial of floods


   Skills:
 + Level 11.9 Fighting
 + Level 16.7 Axes
 + Level 12.8 Armour
 + Level 2.0 Dodging
 - Level 2.4 Stealth
 + Level 7.9 Shields


You had 11 spell levels left.
You didn't know any spells.
Your spell library contained the following spells:

 Spells                   Type           Power      Damage    Failure   Level
 Apportation              Tloc           0%         N/A       98%         1
 Kiss of Death            Conj/Necr      0%         2d5       98%         1
 Necrotise                Necr           0%         1d4       98%         1
 Sandblast                Erth           0%         2d4       98%         1
 Summon Small Mammal      Summ           0%         N/A       98%         1
 Blink                    Tloc           0%         N/A       99%         2
 Passwall                 Tmut/Erth      0%         N/A       99%         2
 Confusing Touch          Hex            0%         N/A       100%        3
 Hailstorm                Conj/Ice       0%         3d3       100%        3
 Ozocubu's Armour         Ice            0%         N/A       100%        3
 Stone Arrow              Conj/Erth      0%         3d7       100%        3
 Dispel Undead            Necr           0%         3d6       100%        4
 Ice Form                 Ice/Tmut       0%         N/A       100%        4
 Manifold Assault         Tloc           0%         N/A       100%        4
 Metabolic Englaciation   Hex/Ice        0%         N/A       100%        5
 Simulacrum               Ice/Necr       0%         N/A       100%        6
 Storm Form               Tmut/Air       0%         N/A       100%        7


Dungeon Overview and Level Annotations

Branches:
Dungeon (14/15)            Temple (0/1) D:4            Lair (0/5) D:8
    Orc (0/2) D:12
 Vaults: D:13-14

Altars:
Elyvilon
Gozag
Hepliaklqana
Uskayaw

Shops:
D:4 ?   D:12 =**

Annotations:
D:14 Agnes


Innate Abilities, Weirdness & Mutations

You have sharp fingernails.
You have a pair of small horns on your head.
You are agile. (Dex +4, Str/Int -1)


Message History

Agnes is severely wounded.
You block Agnes's attack.
Agnes hits you with a +2 vampiric lajatang!!
* * * LOW HITPOINT WARNING * * *
Agnes draws strength from your wounds!
You completely miss Agnes.
Agnes is heavily wounded.
Agnes hits you with a +2 vampiric lajatang!!
* * * LOW HITPOINT WARNING * * *
Agnes draws strength from your wounds!
You feel much better. You block Agnes's attack.
Agnes bows.
Agnes barely misses you.
You feel much better.
Agnes hits you with a +2 vampiric lajatang!
Agnes draws strength from your wounds! Agnes barely misses you.
You feel much better.
Agnes hits you with a +2 vampiric lajatang!
Agnes draws strength from your wounds!
You barely miss Agnes. Your headbutt misses Agnes.
Agnes is moderately wounded.
You block Agnes's attack.
Agnes hits you with a +2 vampiric lajatang!
You completely miss Agnes.
Agnes is moderately wounded.
Agnes hits you with a +2 vampiric lajatang.
Agnes draws strength from your wounds!
You closely miss Agnes.
Agnes is lightly wounded.
Agnes mutters, "I could really go for a good breadfruit right now."
Agnes hits you with a +2 vampiric lajatang!
* * * LOW HITPOINT WARNING * * *
Okay, then.
As you read the scroll of summoning, it crumbles to dust.
Wisps of shadow whirl around you... Agnes hits you but does no damage.
Agnes hits you with a +2 vampiric lajatang!!
* * * LOW HITPOINT WARNING * * *
You feel better.
Agnes hits you with a +2 vampiric lajatang!!
You die...

# #..## #. #....
.##.####..# ..........#
#.........## #.
..#......... ...#
....###.#.## .....####
###.###.#.## ....JJi@#
#.#.....## ....J##.#
#.#.#.....
...#.##c#######.#.######
#...?........##.#.# #
##.#####.###.##.#.# #
#......c# #.##.#.######
#.###.### #...>........
.# #.###. #############
#.# #.###


You could see Agnes (ally target), 3 friendly slime creatures, a friendly
centaur warrior (summoned) and a friendly centaur (summoned).

Vanquished Creatures
  Harold (D:10)
  3 two-headed ogres
  A catoblepas (D:13)
  2 centaur warriors
  2 deep elf pyromancers
  3 cyclopes
  A manticore (D:11)
  3 slime creatures (D:14)
  A rime drake (D:8)
  An efreet (D:14)
  Psyche (D:9)
  4 trolls
  2 hornets
  3 polar bears (D:8)
  4 wyverns
  23 yaks
  A basilisk (D:12)
  A steam dragon (D:8)
  5 vampire mosquitoes
  Edmund (D:4)
  A water moccasin (D:7)
  2 acid dragons (D:13)
  8 orc warriors
  A sky beast (D:8)
  5 ice beasts
  4 boggarts (D:14)
  6 black bears
  4 wolves (D:8)
  4 centaurs (D:12)
  2 kobold brigands
  A phantom (D:5)
  Blork the orc (D:4)
  5 bullfrogs
  A gnoll sergeant (D:9)
  3 scorpions (D:6)
  11 wights
  4 killer bees (D:11)
  3 howler monkeys
  3 orc priests
  10 hounds
  A gnoll bouda (D:4)
  A jelly (D:6)
  Crazy Yiuf (D:2)
  4 iguanas
  3 sleepcaps
  Terence (D:2)
  12 orc wizards
  Robin (D:2)
  7 gnolls
  8 adders
  2 shadow imps
  5 white imps
  A worm (D:3)
  4 dart slugs
  47 orcs
  8 ball pythons
  2 bats
  5 endoplasms
  4 giant cockroaches
  16 goblins
  9 hobgoblins
  4 jackals (D:1)
  14 kobolds
  9 quokkas
  2 frilled lizards (D:1)
  9 rats
322 creatures vanquished.

Vanquished Creatures (others)
  A yak (D:8)
1 creature vanquished.

Grand Total: 323 creatures vanquished

Notes
Turn   | Place    | Note
-------+----------+-------------------------------------------
     0 | D:1      | Level1Goblin the Hill Orc Fighter began the quest for the
                  | Orb.
     0 | D:1      | Reached XP level 1. HP: 19/19 MP: 1/1
   175 | D:1      | Reached XP level 2. HP: 27/27 MP: 2/2
   494 | D:1      | Reached XP level 3. HP: 33/33 MP: 3/3
   532 | D:1      | Reached skill level 3 in Axes
  1390 | D:2      | Noticed Terence
  1399 | D:2      | Killed Terence
  1400 | D:2      | Reached XP level 4. HP: 26/40 MP: 4/4
  1402 | D:2      | Noticed Robin
  1423 | D:2      | Killed Robin
  1424 | D:2      | Reached skill level 4 in Axes
  1543 | D:2      | Reached XP level 5. HP: 46/46 MP: 5/5
  1832 | D:2      | Found a runed translucent door.
  1833 | D:2      | Noticed Crazy Yiuf
  1838 | D:2      | Killed Crazy Yiuf
  2271 | D:3      | Found a faded altar of an unknown god.
  2353 | D:3      | Reached skill level 5 in Axes
  2796 | D:3      | Reached XP level 6. HP: 46/53 MP: 6/6
  3208 | D:4      | Found Qomitt's Magic Scroll Boutique.
  3216 | D:4      | Bought a scroll of enchant weapon for 90 gold pieces
  3216 | D:4      | Bought a scroll of identify for 24 gold pieces
  3216 | D:4      | Bought a scroll of identify for 24 gold pieces
  3284 | D:4      | Gained mutation: You sometimes lose your temper in combat.
                  | [potion of mutation]
  3284 | D:4      | Gained mutation: You have a beak for a mouth. [potion of
                  | mutation]
  3284 | D:4      | Gained mutation: You are agile. (Dex +4, Str/Int -1)
                  | [potion of mutation]
  3288 | D:4      | Found a staircase to the Ecumenical Temple.
  3318 | D:4      | Reached skill level 6 in Axes
  3327 | D:4      | Reached skill level 5 in Armour
  3470 | D:4      | Reached skill level 5 in Fighting
  3870 | D:4      | Reached XP level 7. HP: 57/61 MP: 7/7
  3930 | D:4      | Found a glowing drain.
  3940 | D:4      | Noticed Edmund
  3962 | D:4      | Killed Edmund
  3963 | D:4      | Reached skill level 7 in Axes
  4292 | D:4      | Noticed Blork the orc
  4298 | D:4      | Killed Blork the orc
  4479 | D:5      | Entered Level 5 of the Dungeon
  4731 | D:5      | Reached XP level 8. HP: 69/69 MP: 8/8
  4925 | D:5      | Reached skill level 8 in Axes
  5447 | D:6      | Reached skill level 1 in Dodging
  5560 | D:6      | Reached skill level 9 in Axes
  6121 | D:7      | Reached XP level 9. HP: 55/77 MP: 9/9
  6257 | D:7      | Found an opulent altar of Gozag.
  6484 | D:7      | Reached skill level 10 in Axes
  7119 | D:7      | Reached skill level 11 in Axes
  7737 | D:8      | Found a huge runed translucent gate.
  7737 | D:8      | Found a huge runed translucent gate.
  7737 | D:8      | Found a huge runed translucent gate.
  7737 | D:8      | Found a huge runed translucent gate.
  7737 | D:8      | Noticed a polar bear
  7738 | D:8      | Noticed a polar bear
  7832 | D:8      | Reached skill level 5 in Shields
  7836 | D:8      | Killed a polar bear
  7837 | D:8      | Reached skill level 12 in Axes
  7841 | D:8      | Killed a polar bear
  7842 | D:8      | Reached XP level 10. HP: 56/88 MP: 10/10
  8114 | D:8      | Found a flagged portal.
  8149 | D:8      | Reached skill level 13 in Axes
  8266 | D:8      | Reached skill level 1 in Stealth
  8345 | D:8      | Found a staircase to the Lair.
  9336 | D:9      | Paralysed by a hornet for 3 turns
  9341 | D:9      | Reached XP level 11. HP: 84/97 MP: 11/11
  9418 | D:9      | Reached skill level 14 in Axes
  9430 | D:9      | Reached skill level 10 in Armour
  9513 | D:9      | Found a hide-covered altar of Uskayaw.
  9631 | D:9      | Noticed a two-headed ogre
  9636 | D:9      | Killed a two-headed ogre
 10223 | D:9      | Noticed Psyche
 10231 | D:9      | Killed Psyche
 10842 | D:10     | Entered Level 10 of the Dungeon
 10920 | D:10     | Identified the +3 spear "Kius" {protect, rC+ Dex+2}
 10953 | D:10     | Found a hazy altar of Hepliaklqana.
 11006 | D:10     | Reached skill level 10 in Fighting
 11145 | D:10     | Noticed Harold
 11163 | D:10     | Killed Harold
 11164 | D:10     | Reached skill level 15 in Axes
 11457 | D:10     | Found a white marble altar of Elyvilon.
 11631 | D:10     | Noticed a two-headed ogre
 11640 | D:10     | Killed a two-headed ogre
 12207 | D:11     | Lost mutation: You have a beak for a mouth. [potion of
                  | mutation]
 12207 | D:11     | Lost mutation: You sometimes lose your temper in combat.
                  | [potion of mutation]
 12207 | D:11     | Gained mutation: You have a pair of small horns on your
                  | head. [potion of mutation]
 12207 | D:11     | Gained mutation: You have sharp fingernails. [potion of
                  | mutation]
 12244 | D:11     | Noticed a manticore
 12251 | D:11     | Killed a manticore
 12373 | D:11     | Noticed a cyclops
 12383 | D:11     | Killed a cyclops
 12384 | D:11     | Reached XP level 12. HP: 69/107 MP: 12/12
 12558 | D:11     | Identified the +0 flail "Midoc" {flame, rF+ Str+3 Int+5
                  | Stlth+}
 13351 | D:12     | Found Hyenk's Jewellery Shop.
 13420 | D:12     | Bought a +6 ring of strength for 540 gold pieces
 13504 | D:12     | Reached skill level 16 in Axes
 13599 | D:12     | Found a staircase to the Orcish Mines.
 14077 | D:12     | Noticed a centaur warrior
 14100 | D:12     | Killed a centaur warrior
 14271 | D:12     | Found Viomuf's General Store.
 14274 | D:12     | Found Kur Aleo's Specific Store.
 14710 | D:13     | Noticed a centaur warrior
 14711 | D:13     | Noticed a catoblepas
 14718 | D:13     | Killed a centaur warrior
 14732 | D:13     | Killed a catoblepas
 15106 | D:14     | Noticed a two-headed ogre
 15117 | D:14     | Killed a two-headed ogre
 15199 | D:14     | Noticed a four-headed hydra
 15200 | D:14     | Noticed a centaur warrior
 15214 | D:14     | Noticed a centaur warrior
 15286 | D:14     | Noticed Agnes
 15304 | D:14     | HP: 1/112 [Agnes/+2 vampiric lajatang (21)]
 15305 | D:14     | Mangled by Agnes

Illustrated notes

Levels and vault maps discovered:
D:1:      dpeg_arrival_houses_and_road, layout_loops_corners, serial_bayou,
          serial_bayou_pond_e, serial_bayou_shore_b, serial_bayou_crossing,
          serial_bayou_ford_a
D:2:      layout_loops_cross, uniq_robin, uniq_crazy_yiuf_cottage, uniq_terence
D:3:      layout_loops_ring, hellmonk_ecumenical_altar_leap_of_faith,
          grunt_decor_mini_mirrors, glass_columns_a, dk_noncrumbling_2
D:4:      layout_basic, minmay_temple_entry_mini_moons, serial_shops, shop,
          serial_glass, glass_columns_c, glass_columns_b, gup_sewer_entry_bowl,
          st_stairs_4, uniq_blork_the_orc, uniq_edmund
D:5:      layout_basic
D:6:      layout_basic, kennysheep_small_circle
D:7:      layout_layer_cave, nicolae_gozag_seed_capital, bh_walls_and_bars
D:8:      lemuel_bear_cage, layout_loops_cross, hellmonk_lair_entry_icy,
          enter_bailey_2, minmay_misc_feat_tiny,
          amcnicky_mini_rare_corridor_liquid
D:9:      layout_grid_maze, nicolae_uskayaw_dance_hall, dk_rats_in_the_wall,
          uniq_psyche
D:10:     layout_grid_maze, nicolae_hepliaklqana_hippocampus,
          amcnicky_altar_gilded, uniq_harold
D:11:     layout_basic, due_unseen_surprise
D:12:     layout_cave_pods, david_orc_4, fountainhead, nicolae_specific_store,
          nicolae_hexahallways, nicolae_stop_n_shop_2
D:13:     layout_rooms, fountainhead
D:14:     layout_loops_ring, grunt_vaults_entry_tiered,
          minmay_misc_feat_encased, zin_angel, uniq_agnes, uniq_louise

Skill      XL: |  1  2  3  4  5  6  7  8  9 10 11 12 |
---------------+-------------------------------------+-----
Fighting       | 4 5 6 7 9 10 11 | 11.9
Axes           | 3 4 5 6 7 9 12 13 15 16 | 16.7
Armour         | 4 5 6 7 8 9 11 12 | 12.8
Shields        | 4 5 6 7 |  7.9
Dodging        | 1 2 |  2.0
Stealth        | 2 |  2.4

Action                     |  1- 3 |  4- 6 |  7- 9 | 10-12 || total
---------------------------+-------+-------+-------+-------++-------
  Melee: War axe           |    85 |   202 |   260 |   442 ||   989
         Peck              |       |    15 |    58 |    59 ||   132
         Headbutt          |       |       |       |    44 ||    44
    Use: Potion            |     1 |     3 |     1 |    10 ||    15
         Scroll            |       |     4 |     2 |    11 ||    17
   Stab: Invisible         |       |       |       |     7 ||     7
 Armour: Scale mail        |    35 |       |       |       ||    35
         Plate armour      |    10 |   156 |   181 |   274 ||   621
  Dodge: Dodged            |    43 |    46 |    82 |   160 ||   331
  Block: Buckler           |    12 |    41 |    74 |   123 ||   250
